 Dungeon Crawl Stone Soup version 0.28-a0-1038-g9c4cb8273d (webtiles) character file.

Game seed: 15511035719029489059

49 siradein the Skirmisher (level 3, -2/40 HPs)
             Began as an Ogre Fighter on Dec 8, 2021.
             Slain by an orc wizard (3 damage)
             ... on level 2 of the Dungeon.
             The game lasted 00:04:48 (1707 turns).

siradein the Skirmisher (Ogre Fighter)              Turns: 1707, Time: 00:04:49

Health: -2/40      AC:  3    Str: 20    XL:     3   Next: 75%
Magic:  3/3        EV:  8    Int:  9    God:
Gold:   62         SH:  7    Dex: 10    Spells: 2/2 levels left

rFire   . . .      SeeInvis .   a - +0 flail
rCold   . . .      Faith    .   c - +0 kite shield
rNeg    . . .      Spirit   .   b - +0 robe
rPois   .          Reflect  .   (helmet restricted)
rElec   .          Harm     .   (no cloak)
rCorr   .          Rampage  .   (gloves unavailable)
Will    .....                   (boots unavailable)
Stlth   +.........              (no amulet)
HPRegen 0.13/turn               (no ring)
MPRegen 0.08/turn               (no ring)

@: no status effects
A: large, unfitting armour, tough skin 1
a: no special abilities


You were on level 2 of the Dungeon.
You visited 1 branch of the dungeon, and saw 2 of its levels.

You collected 62 gold pieces.

Inventory:

Hand Weapons
 a - a +0 flail (weapon)
Armour
 b - a +0 robe (worn)
 c - a +0 kite shield (worn)
Scrolls
 h - a scroll of fear
 i - a scroll of amnesia
Potions
 d - a potion of might
 e - a potion of heal wounds
 f - a potion of haste
 g - a potion of berserk rage


   Skills:
 + Level 4.6 Fighting
 + Level 2.3 Maces & Flails
 + Level 3.1 Dodging
 + Level 3.1 Shields


You had 2 spell levels left.
You didn't know any spells.
Your spell library contained the following spells:

 Spells                   Type           Power      Damage    Failure   Level
 Inner Flame              Hex/Fire       0%         N/A       99%         3
 Cause Fear               Hex            0%         N/A       100%        4
 Discord                  Hex            0%         N/A       100%        8


Dungeon Overview and Level Annotations

Branches:
Dungeon (2/15)

Altars:


Innate Abilities, Weirdness & Mutations

You are too large for most types of armour.
You have tough skin. (AC +1)


Message History

An endoplasm comes into view.
The endoplasm quivers.
You sock the orc!
You kill the orc!
A goblin comes into view. It is wielding a +0 club.
An orc priest comes into view. It is wielding a +0 whip.
An orc wizard comes into view. It is wielding a +0 dagger.
You see here a +0 hand axe.
You sock the endoplasm!
You kill the endoplasm!
The orc priest barely misses you.
You closely miss the orc priest. The orc priest hits you with a +0 whip.
You block the orc wizard's attack.
You barely miss the orc wizard. The orc priest hits you with a +0 whip.
The orc wizard gestures at you while chanting.
The magic dart hits you. The orc priest hits you with a +0 whip.
You miss the orc wizard.
The goblin shouts!
You block the orc wizard's attack.
The orc priest invokes the aid of Beogh against you.
Beogh smites you! The orc wizard barely misses you.
You are too injured to fight recklessly!
You closely miss the orc priest. The orc priest closely misses you.
The orc wizard barely misses you. You block the orc priest's attack.
You completely miss the orc priest.
The orc wizard gestures wildly while chanting.
The orc wizard flickers and vanishes!
Deactivating autopickup; reactivate with Ctrl-A.
The orc priest calls down the wrath of Beogh upon you.
Beogh smites you!
* * * LOW HITPOINT WARNING * * *
Something hits you.
* * * LOW HITPOINT WARNING * * *
You hit the orc priest but do no damage.
The orc priest misses you. You block something's attack.
You block the orc priest's attack.
You hit the orc priest.
The orc priest is heavily wounded.
Something hits you.
You die...

#####.###.# ##..####..
#...g.# #.# #..## #..
#....g##### #.# #..# ##.
....... #.####..# #) .......
#.##...#######. ........
####.#....##......
.........##.......##...####.
...g......{.##.†.###.### #.
.........go@.........# #.
.....###)......########. ...
#..##............. .
......#.(..#########
#......#....# #
........#....# #
.........###### # ...<.....#
# ###......# #


You could see an orc priest and a goblin.

Vanquished Creatures
  A gnoll (D:1)
  A dart slug (D:1)
  An orc (D:2)
  4 ball pythons
  3 bats
  3 endoplasms
  3 giant cockroaches
  6 goblins
  A hobgoblin (D:1)
  3 frilled lizards
  6 kobolds
  2 rats
34 creatures vanquished.

Notes
Turn   | Place    | Note
-------+----------+-------------------------------------------
     0 | D:1      | siradein the Ogre Fighter began the quest for the Orb.
     0 | D:1      | Reached XP level 1. HP: 24/24 MP: 1/1
   215 | D:1      | Reached XP level 2. HP: 26/32 MP: 2/2
   700 | D:1      | Found a faded altar of an unknown god.
   878 | D:2      | Reached XP level 3. HP: 38/40 MP: 3/3
  1705 | D:2      | HP: 1/40 [something (3)]
  1707 | D:2      | Slain by an orc wizard

Illustrated notes

Levels and vault maps discovered:
D:1:      minmay_arrival_up_and_down, layout_loops_cross,
          hellmonk_ecumenical_altar_heavens_door
D:2:      layout_rooms

Skill      XL: |  1  2 |
---------------+-------+-----
Maces & Flails | 2 |  2.3
Dodging        | 3 |  3.1
Shields        | 3 |  3.1
Fighting       | |  4.6

Action                   || total
-------------------------++-------
Melee: Flail             ||   103
  Use: Scroll            ||     5
 Stab: Sleeping          ||     1
Armor: Robe              ||    20
Dodge: Dodged            ||    37
Block: Kite shield       ||    41

Table legend: (Time is in decaauts)
 A = Elapsed time spent in this place.
 B = Non-inter-level travel time spent in this place.
 C = Inter-level travel time spent in this place.
 D = Time resting spent in this place.
 E = Time spent auto-exploring this place.
 F = Levels seen in this place.
 G = Mean time per level.
                   A        B        C        D        E       F      G
               +--------+--------+--------+--------+--------+-----+--------+
         Total |   1758 |   1697 |     61 |    244 |   1073 |   2 |  879.0 |
       Dungeon |   1758 |   1697 |     61 |    244 |   1073 |   2 |  879.0 |
               +--------+--------+--------+--------+--------+-----+--------+

Top non-repeatable levels by time:
     D:1: 1181 daAuts
     D:2: 577 daAuts
